 Dungeon Crawl Stone Soup version 0.27.1-2-g3b301248ec (webtiles) character file.

Game seed: 10415255282713171551

114 Dexcius the Chopper (level 4, 0/61 HPs)
             Began as a Minotaur Berserker on Sept 24, 2021.
             Was a Believer of Trog.
             Succumbed to Sigmund's poison
             ... on level 3 of the Dungeon on Sept 25, 2021.
             The game lasted 00:14:25 (3263 turns).

Dexcius the Chopper (Minotaur Berserker)            Turns: 3263, Time: 00:14:26

Health: 0/61       AC:  3    Str: 22    XL:     4   Next: 67%
Magic:  3/3        EV:  9    Int:  4    God:    Trog [**....]
Gold:   130        SH:  0    Dex: 10    Spells: 3/3 levels left

rFire    . . .     SeeInvis .   a - +0 hand axe
rCold    . . .     Faith    .   g - +0 kite shield
rNeg     . . .     Spirit   .   l - +0 leather armour
rPois    .         Reflect  .   (helmet restricted)
rElec    .         Harm     .   (no cloak)
rCorr    .         Rampage  .   (no gloves)
Will     .....                  (no boots)
Stlth    ..........             (no amulet)
HPRegen  0.20/turn              (no ring)
MPRegen  0.08/turn              (no ring)

@: confused, berserking (expiring), lethally poisoned (0 -> -15), very quick
A: horns 2, retaliatory headbutt
a: Renounce Religion, Berserk, Trog's Hand


You were on level 3 of the Dungeon.
You worshipped Trog.
Trog was pleased with you.
You visited 1 branch of the dungeon, and saw 3 of its levels.

You collected 130 gold pieces.

Inventory:

Hand Weapons
 a - a +0 hand axe (weapon)
Armour
 g - a +0 kite shield (worn)
 l - a +0 leather armour (worn)
Scrolls
 d - a scroll of enchant armour {unknown}
 e - a scroll of teleportation
 k - 2 scrolls of identify
Potions
 c - a potion of lignification {unknown}
 f - 2 potions of might {unknown}
 h - 2 potions of berserk rage
 i - 2 potions of heal wounds {unknown}
 j - a potion of cancellation {unknown}


   Skills:
 + Level 4.3 Fighting
 + Level 5.3 Axes
 + Level 2.7 Armour
 + Level 2.8 Dodging
 + Level 0.1 Stealth
 + Level 1.3 Shields


You had 3 spell levels left.
You didn't know any spells.
Your spell library was empty.

Dungeon Overview and Level Annotations

Branches:
Dungeon (3/15)

Altars:
Cheibriados

Shops:
D:2 (   D:3 ?

Annotations:
D:3 Sigmund


Innate Abilities, Weirdness & Mutations

You have a pair of horns on your head.
You reflexively headbutt those who attack you in melee.


Message History

You are confused.
You see here 10 stones.
You bump into the rock wall.
Sigmund casts a spell.
Sigmund flickers and vanishes!
Deactivating autopickup; reactivate with Ctrl-A.
You bump into the rock wall.
You feel less confused.
You see here 10 stones.
Something hits you!
You are poisoned.
You hit something. You headbutt something!
You feel very sick.
You hear some strange, mumbled words.
A puff of flame appears from out of thin air!
The puff of flame hits you!
You closely miss something.
* * * LOW HITPOINT WARNING * * *
You feel very sick. You block something's attack.
A red film seems to cover your vision as you go berserk!
You feel yourself moving faster!
You feel mighty!
You feel sick.
You hear some strange, mumbled words.
You are confused.
You bump into the rock wall.
You feel a strong urge to attack something.
You feel sick.
You bump into the rock wall.
You feel sick.
You hear some strange, mumbled words.
A puff of flame appears from out of thin air!
The puff of flame hits you.
* * * LOW HITPOINT WARNING * * *
You miss something.
You feel sick. Something hits you.
* * * LOW HITPOINT WARNING * * *
You are lethally poisoned!
You bump into the rock wall.
* * * LOW HITPOINT WARNING * * *
You feel very sick.
You miss something. Your headbutt misses something.
You die...

################
......?{@(.....#
....##########.#
# #.# #.# #.####
#.## #....# #.#
#.. ...# ####.#
.##. #... ..#
#..# #.#
.##..#..# #.#
#..# #.#


There were no monsters in sight!

Vanquished Creatures
  A mummy (D:3)
  2 adders
  A worm (D:2)
  2 dart slugs (D:1)
  9 ball pythons
  6 bats
  7 endoplasms
  3 giant cockroaches
  12 goblins
  4 hobgoblins
  4 jackals (D:1)
  3 quokkas
  3 frilled lizards
  3 kobolds
  12 rats
72 creatures vanquished.

Notes
Turn   | Place    | Note
-------+----------+-------------------------------------------
     0 | D:1      | Dexcius the Minotaur Berserker began the quest for the Orb.
     0 | D:1      | Reached XP level 1. HP: 19/19 MP: 0/0
   224 | D:1      | Reached XP level 2. HP: 27/27 MP: 1/1
   317 | D:1      | Reached skill level 4 in Axes
   954 | D:1      | Found a faded altar of an unknown god.
   969 | D:1      | Reached XP level 3. HP: 33/33 MP: 2/2
  1108 | D:2      | Reached ** piety under Trog
  1214 | D:2      | Found Acweatt's Antique Weapon Boutique.
  1730 | D:2      | Reached skill level 5 in Axes
  1737 | D:2      | Reached XP level 4. HP: 23/40 MP: 3/3
  2156 | D:3      | Found a snail-covered altar of Cheibriados.
  2177 | D:3      | Reached skill level 1 in Shields
  3151 | D:3      | Found Kataizaps's Magic Scroll Emporium.
  3246 | D:3      | Noticed Sigmund
  3262 | D:3      | HP: 3/61 [poisoned by Sigmund]
  3263 | D:3      | Succumbed to Sigmund's poison

Illustrated notes

Levels and vault maps discovered:
D:1:      dpeg_arrival_central, layout_basic, basic_ecumenical_altar,
          minmay_misc_feat_roman, minmay_tiny_reverse_x
D:2:      layout_loops_ring, serial_shops,
          nicolae_shop_temple_entry_statues_fountains, skrybe_limestone_x,
          fountainhead, fountainhead
D:3:      layout_loops_ring, slow_altar_1, serial_shops, nicolae_shop_trees,
          minmay_misc_feat_ornament, minmay_fractal_squares_diagonal_5,
          uniq_sigmund

Skill      XL: |  1  2  3  4 |
---------------+-------------+-----
Axes           | 4 5 |  5.3
Fighting       | 4 |  4.3
Shields        | 1 |  1.3
Armour         | |  2.7
Dodging        | |  2.8
Stealth        | |  0.1

Action                   |  1- 3 |  4- 6 || total
-------------------------+-------+-------++-------
Melee: Hand axe          |   100 |    56 ||   156
       Headbutt          |    21 |     8 ||    29
Invok: Berserk           |       |     2 ||     2
  Use: Scroll            |     6 |       ||     6
 Stab: Sleeping          |       |     1 ||     1
Armor: Animal skin       |    17 |     4 ||    21
       Leather armour    |       |     2 ||     2
Dodge: Dodged            |    44 |    20 ||    64
Block: Kite shield       |    31 |    27 ||    58
